 Dungeon Crawl Stone Soup version 0.24.0-13-gcf9b3192b9 (console) character file.

Game seed: 16848745865279659490, levelgen mode: deterministic

169 AlterAsc the Insei (level 5, 0/26 HPs)
             Began as a Vine Stalker Transmuter on Nov 9, 2019.
             Killed from afar by an orc wizard (5 damage)
             ... with a magic dart
             ... on level 3 of the Dungeon.
             The game lasted 00:04:45 (1866 turns).

AlterAsc the Insei (Vine Stalker Transmuter)        Turns: 1866, Time: 00:04:45

Health: 0/26       AC:  5    Str: 13    XL:     5   Next: 50%
Magic:  0/10       EV: 11    Int: 13    God:
Gold:   163        SH:  0    Dex: 15    Spells: 9/10 levels left

rFire    . . .     SeeInvis .     - Unarmed
rCold    . . .     Gourm    +   (no shield)
rNeg     . . .     Faith    .   c - +0 ring mail
rPois    .         Spirit   +   (no helmet)
rElec    .         Reflect  .   (no cloak)
rCorr    .         Harm     .   (no gloves)
MR       .....                  (no boots)
Stlth    +.........             q - amulet of the gourmand
HPRegen  0.48/turn              (no ring)
MPRegen  0.12/turn              (no ring)

@: no status effects
A: fangs 2, regeneration 1, magic shield, antimagic bite, no potion heal 3, rot
immunity
a: no special abilities


You were on level 3 of the Dungeon.
You were completely stuffed.

You visited 1 branch of the dungeon, and saw 3 of its levels.

You collected 163 gold pieces.

Inventory:

Missiles
 a - 57 arrows
 k - 3 atropa-tipped darts
 p - 9 poisoned darts (quivered)
Armour
 b - a +0 robe
 c - a +0 ring mail (worn)
 r - a +0 helmet
Jewellery
 q - an amulet of the gourmand (around neck)
Scrolls
 e - 4 scrolls of remove curse {unknown}
 h - 4 scrolls of identify {unknown}
 i - a scroll of magic mapping {unknown}
 m - a scroll of teleportation {unknown}
Potions
 f - a potion of might {unknown}
 g - a potion of resistance {unknown}
 j - a potion of agility {unknown}
 l - a potion of curing {unknown}
 n - a potion of brilliance {unknown}
 o - 2 potions of lignification {unknown}
 s - a potion of berserk rage {unknown}
Comestibles
 d - 2 rations


   Skills:
 + Level 1.9 Fighting
 - Level 2.0 Dodging
 * Level 3.9 Unarmed Combat
 + Level 3.0 Spellcasting
 * Level 3.5 Transmutations


You had 9 spell levels left.
You knew the following spells:

 Your Spells              Type           Power        Failure   Level  Hunger
a - Beastly Appendage     Tmut           ##....       12%         1    #......

Your spell library contained the following spells:

 Spells                   Type           Power        Failure   Level  Hunger
 Sticks to Snakes         Tmut           ##......     19%         2    ###....
 Spider Form              Tmut/Pois      #.........   58%         3    ###....
 Ice Form                 Ice/Tmut       #.......     94%         4    #####..
 Blade Hands              Tmut           ##........   97%         5    ######.


Dungeon Overview and Level Annotations

Branches:
Dungeon (3/15)

Altars:
Elyvilon
Zin


Innate Abilities, Weirdness & Mutations

You have extremely sharp teeth.
Your natural rate of healing is unusually fast.
When hurt, damage is shared between your health and your magic reserves.
Your bite disrupts and absorbs the magic of your enemies.
Potions cannot restore your health.
You are immune to rotting.


Message History

The orc wizard is moderately wounded.
The orc wizard hits you with a +0 dagger.
The orc completely misses you.
The orc wizard begins to cast a cantrip, but forgets the words!
You hit the orc wizard.
The orc wizard is lightly wounded.
The orc wizard hits you but does no damage.
The orc hits you with a +0 falchion.
The orc wizard hits you with a +0 dagger.
The orc wizard casts a spell at you. The puff of frost hits you!
The orc wizard gestures at you while chanting.
The magic dart hits you.
* * * LOW HITPOINT WARNING * * *
A hobgoblin comes into view. It is wielding a +0 club.
The orc wizard hits you with a +0 dagger.
* * * LOW HITPOINT WARNING * * *
The orc wizard gestures at you while chanting.
The magic dart hits you.
You die...

..##..#. #o#...###.###.
#.....## ##..#........#
#.#....###.#.......###.
###.......#.....†#####
## ......$...)####..# #
.......oo.## #..# #
.......o#o# #..# #
........#.#####..# #
..(.....@........# #
.............###.# #
...[..###.##.# #.# #
...... #.# # # ......
.# # ###### .# # .. #
## # #


You could see an orc wizard and 2 orcs.

Vanquished Creatures
  2 orc priests (D:3)
  3 gnolls (D:1)
  2 adders (D:2)
  An ooze (D:1)
  A worm (D:2)
  2 dart slugs
  A leopard gecko (D:2)
  5 orcs (D:3)
  4 giant cockroaches
  9 goblins
  3 hobgoblins
  2 jackals (D:3)
  A quokka (D:2)
  2 bats (D:1)
  A frilled lizard (D:3)
  6 kobolds
  5 rats
50 creatures vanquished.

Notes
Turn   | Place    | Note
-------+----------+-------------------------------------------
     0 | D:1      | AlterAsc the Vine Stalker Transmuter began the quest for
                  | the Orb.
     0 | D:1      | Reached XP level 1. HP: 9/9 MP: 4/4
    56 | D:1      | Reached skill level 1 in Fighting
   115 | D:1      | Reached XP level 2. HP: 8/14 MP: 4/6
   577 | D:1      | Reached XP level 3. HP: 18/18 MP: 4/7
  1103 | D:2      | Gained mutation: Your natural rate of healing is unusually
                  | fast. [Vine Stalker growth]
  1103 | D:2      | Reached XP level 4. HP: 19/22 MP: 6/8
  1357 | D:2      | Found a faded altar of an unknown god.
  1537 | D:2      | Found a glowing silver altar of Zin.
  1677 | D:3      | Reached XP level 5. HP: 17/26 MP: 5/10
  1713 | D:3      | Found a white marble altar of Elyvilon.
  1866 | D:3      | Killed from afar by an orc wizard

Levels and vault maps discovered:
D:1:      dpeg_arrival_rooms_with_view, layout_loops_ring
D:2:      layout_rooms, zin_academy, chequers_ecumenical_altar_lobes,
          minmay_domino_4
D:3:      layout_loops_ring, elyvilon_altar_5

Skill      XL: |  1  2  3  4  5 |
---------------+----------------+-----
Fighting       | 1 |  1.9
Dodging        | 2 |  2.0
Transmutations | 3 |  3.5
Spellcasting   | 3 |  3.0
Unarmed Combat | |  3.9

Action                   |  1- 3 |  4- 6 || total
-------------------------+-------+-------++-------
Melee: Unarmed           |    76 |   104 ||   180
       Kick              |     9 |    10 ||    19
       Headbutt          |     4 |     3 ||     7
       Bite              |    16 |    29 ||    45
       Punch             |     1 |     1 ||     2
 Cast: Beastly Appendage |    18 |    10 ||    28
  Eat: Chunk             |     1 |    24 ||    25
Armor: Robe              |     1 |       ||     1
       Ring mail         |    21 |    24 ||    45
Dodge: Dodged            |    43 |    48 ||    91
